[Event "Titled Tuesday Blitz February 28 Early 2023"]
[White "Le, Tuan Minh"]
[Black "Abdrlauf, Elham"]
[WhiteFideId "12401153"]
[BlackFideId "1533533"]
[WhiteElo "2558"]
[BlackElo "2476"]
[Result "1/2-1/2"]
[Round "07"]
[TimeControl "180+2"]
[Date "2023.02.28"]
[WhiteClock "0:00:04"]
[BlackClock "0:00:04"]

1. d4 Nf6 2. Nf3 d5 3. Bg5 Nbd7 4. e3 e6 5. Nbd2 Be7 6. Bd3 h6 7. Bh4 c5 8. c3 b6 9. O-O Bb7 10. Qe2 O-O 11. Rfd1 Ne4 12. Bg3 Nxg3 13. hxg3 a6 14. Rac1 b5 15. Bb1 Rc8 16. e4 dxe4 17. Nxe4 Qc7 18. Qd3 Bxe4 19. Qxe4 Nf6 20. Qe2 Rfd8 21. a3 cxd4 22. Rxd4 Bc5 23. Rxd8+ Rxd8 24. Rd1 g6 25. Rxd8+ Qxd8 26. Ne5 Qd6 27. Kf1 Bxf2 28. Nxf7 Kxf7 29. Kxf2 Qc5+ 30. Kf1 Qg5 31. Ba2 Qf5+ 32. Kg1 Ne4 33. Kh2 Nf6 34. Qf3 Ng4+ 35. Kg1 Kf6 36. Bb1 Qxf3 37. gxf3 Ne3 38. b3 g5 39. Bd3 Ke5 40. Be2 Nd5 41. c4 Nc3 42. Bd3 Kd4 43. Bf1 e5 44. cxb5 axb5 45. Kf2 e4 46. fxe4 Nxe4+ 47. Kg2 Kc5 48. Bd3 Nd2 49. b4+ Kb6 50. Kf2 Nc4 51. a4 Nd6 52. a5+ Ka6 53. g4 Nc4 54. Bxc4 bxc4 55. Ke3 Kb5 56. Kd2 h5 57. gxh5 g4 58. h6 g3 59. h7 g2 60. h8=Q g1=Q 61. Qe5+ Kxb4 62. Qc3+ Kb5 63. Qe5+ Ka6 64. Qe6+ Kxa5 65. Qxc4 Qb6 66. Qa2+ Kb5 67. Qb3+ Ka6 68. Qc4+ Kb7 69. Qe4+ Ka7 70. Qe7+ Qb7 71. Qa3+ Kb8 72. Kd3 Qc7 73. Qb4+ Kc8 74. Qc4 Qxc4+ 75. Kxc4 1/2-1/2


[Site "https://www.chess.com"]

[Event "Titled Tuesday Blitz February 28 Early 2023"]
[White "Dubov, Daniil"]
[Black "Bews, Steven"]
[WhiteFideId "24126055"]
[BlackFideId "2400529"]
[WhiteElo "2802"]
[BlackElo "2602"]
[Result "1-0"]
[Round "07"]
[TimeControl "180+2"]
[Date "2023.02.28"]
[WhiteClock "0:00:34"]
[BlackClock "0:00:16"]

1. Nf3 Nf6 2. d4 e6 3. Bg5 d5 4. e3 Be7 5. c4 O-O 6. Qc2 c6 7. Nbd2 Nbd7 8. Bd3 b6 9. e4 Bb7 10. e5 dxc4 11. exf6 gxf6 12. Bxh7+ Kg7 13. Bf4 f5 14. Bxf5 exf5 15. Qxf5 Nf6 16. Be5 Bc8 17. Qg5+ Kh7 18. Ne4 Rg8 19. Nxf6+ Bxf6 20. Qxf6 Qxf6 21. Bxf6 Rxg2 22. Rg1 Rxg1+ 23. Nxg1 Bg4 24. Kd2 Kg6 25. Be5 f6 26. Bg3 Rd8 27. Kc3 b5 28. a3 a5 29. h3 Bf5 30. Bc7 Rd7 31. Bxa5 c5 32. Rd1 cxd4+ 33. Rxd4 Re7 34. Rd1 Re4 35. Bb6 Re6 36. Be3 Be4 37. Ne2 Kf7 38. Rd7+ Ke8 39. Rg7 Rd6 40. Nd4 Rd5 41. Rg8+ Kf7 42. Rb8 Rh5 43. Rxb5 Rxh3 44. Kxc4 Rh1 45. a4 Rd1 46. Kb4 Bd3 47. Rb6 Kg6 48. a5 Ra1 49. Nb3 Rb1 50. Bd4 Kf5 51. Nc5 Bc2 52. Rxf6+ Kg4 53. a6 Ra1 54. Rf7 Bd1 55. a7 Bf3 56. Rxf3 Kxf3 57. Na4 Rxa4+ 58. Kxa4 Ke2 59. Kb5 Kd2 60. Kc4 Kc1 61. b4 Kb1 62. f4 Kc1 63. f5 Kd2 64. f6 Ke2 65. f7 Kd2 66. f8=Q Kd1 67. Qf2 Kc1 68. Kc3 Kb1 69. a8=Q Kc1 70. b5 Kb1 71. b6 Kc1 72. b7 Kd1 73. b8=Q Kc1 74. Be3+ Kd1 75. Qh1# 1-0


[Site "https://www.chess.com"]

[Event "Titled Tuesday Blitz February 28 Early 2023"]
[White "So, Wesley"]
[Black "Ahmadzada, Ahmad"]
[WhiteFideId "5202213"]
[BlackFideId "13413007"]
[WhiteElo "2739"]
[BlackElo "2388"]
[Result "1-0"]
[Round "07"]
[TimeControl "180+2"]
[Date "2023.02.28"]
[WhiteClock "0:00:22"]
[BlackClock "0:00:02"]

1. Nf3 Nf6 2. g3 g6 3. Bg2 Bg7 4. O-O O-O 5. b3 b6 6. Bb2 Bb7 7. d4 c5 8. c4 cxd4 9. Qxd4 d6 10. Nc3 Nbd7 11. Rfd1 Rc8 12. Ne1 Ne4 13. Qe3 Nxc3 14. Bxc3 Bxg2 15. Bxg7 Kxg7 16. Nxg2 Nf6 17. Rd2 Qd7 18. Rad1 Rc5 19. Nf4 Kg8 20. Nd3 Rh5 21. f3 Qh3 22. Qf2 Qc8 23. a4 Rf5 24. Qe3 Qc7 25. g4 Ra5 26. Nf4 Qc5 27. Kf2 Qg5 28. Ng2 Qxe3+ 29. Nxe3 Rc8 30. h4 h6 31. Ra1 Rac5 32. b4 Re5 33. Rd3 a5 34. Rb1 axb4 35. Rxb4 Ra5 36. Rxb6 Rxa4 37. Rb7 Kf8 38. g5 hxg5 39. hxg5 Ne8 40. Rdb3 Rc7 41. Rb8 Rca7 42. Rc8 Ra8 43. Rbb8 Rxb8 44. Rxb8 e6 45. Ng4 Ke7 46. Rb7+ Kf8 47. Rb8 Ke7 48. Rb7+ Kd8 49. Nh6 Rxc4 50. Nxf7+ Kc8 51. Re7 Ng7 1-0


[Site "https://www.chess.com"]

[Event "Titled Tuesday Blitz February 28 Early 2023"]
[White "Vokhidov, Shamsiddin"]
[Black "Andreikin, Dmitry"]
[WhiteFideId "14204223"]
[BlackFideId "4158814"]
[WhiteElo "2570"]
[BlackElo "2736"]
[Result "1-0"]
[Round "07"]
[TimeControl "180+2"]
[Date "2023.02.28"]
[WhiteClock "0:00:56"]
[BlackClock "0:00:02"]

1. e4 c5 2. Nf3 e6 3. d4 cxd4 4. Nxd4 Nc6 5. Nc3 a6 6. Be3 Nf6 7. Qf3 Bb4 8. Nxc6 dxc6 9. Bc4 e5 10. O-O O-O 11. a4 Qe7 12. a5 Bg4 13. Qg3 Be6 14. Bd3 Bc5 15. Na4 Bxe3 16. Qxe3 Rad8 17. Qc5 Rfe8 18. Qxe5 Ng4 19. Qg3 h5 20. h3 h4 21. Qf4 g5 22. Qd2 Ne5 23. f4 gxf4 24. Rxf4 Kg7 25. Raf1 Rg8 26. Qc3 Qg5 27. Rf5 Qe3+ 28. Kh1 Rd4 29. Rxe5 Bxh3 30. Rg5+ Qxg5 31. Qxd4+ Kh6 32. Qf6+ 1-0


[Site "https://www.chess.com"]

[Event "Titled Tuesday Blitz February 28 Early 2023"]
[White "Timofeev, Artyom"]
[Black "Caruana, Fabiano"]
[WhiteFideId "4140419"]
[BlackFideId "2020009"]
[WhiteElo "2586"]
[BlackElo "2818"]
[Result "1-0"]
[Round "07"]
[TimeControl "180+2"]
[Date "2023.02.28"]
[WhiteClock "0:00:07"]
[BlackClock "0:00:04"]

1. c4 e5 2. Nc3 Bb4 3. d3 Nf6 4. Bd2 O-O 5. Nf3 Re8 6. e3 c6 7. a3 Bf8 8. e4 a5 9. Be2 Na6 10. O-O d6 11. h3 Nc5 12. b4 axb4 13. axb4 Rxa1 14. Qxa1 Nb3 15. Qb2 Nxd2 16. Nxd2 Be6 17. Ra1 d5 18. cxd5 cxd5 19. exd5 Nxd5 20. Nxd5 Bxd5 21. Ne4 Qb6 22. Bf3 Bc6 23. Rb1 Qb5 24. Qb3 Rd8 25. Ng5 Be8 26. Qc4 h6 27. Ne4 Rd4 28. Qc8 Qd7 29. Qxd7 Bxd7 30. Nc5 Bc6 31. Bxc6 bxc6 32. Rb3 f6 33. Kf1 Kf7 34. Ke2 h5 35. Na6 e4 36. dxe4 Rxe4+ 37. Kd3 Re6 38. Rc3 h4 39. Rc4 Rd6+ 40. Kc2 g5 41. Nb8 Rd5 42. Nxc6 Rb5 43. Kb3 Bd6 44. Nd4 Re5 45. Rc6 Ke7 46. Kc4 Kd7 47. Ra6 Re1 48. Ra7+ Kc8 49. Nf5 Rc1+ 50. Kb5 Bb8 51. Rf7 Be5 52. Ne7+ Kd7 53. Nc6+ Ke6 54. Nxe5 Kxe5 55. Re7+ Kd4 56. Re2 Kd3 57. Ra2 f5 58. Ka5 g4 59. b5 Rb1 60. b6 Ke4 61. Ka6 f4 62. hxg4 f3 63. Ra4+ Ke5 64. gxf3 h3 65. Ra5+ Kf4 66. Rh5 Rh1 67. b7 1-0


[Site "https://www.chess.com"]

[Event "Titled Tuesday Blitz February 28 Early 2023"]
[White "Bernadskiy, Vitaliy"]
[Black "Firouzja, Alireza"]
[WhiteFideId "14100371"]
[BlackFideId "12573981"]
[WhiteElo "2488"]
[BlackElo "2904"]
[Result "0-1"]
[Round "07"]
[TimeControl "180+2"]
[Date "2023.02.28"]
[WhiteClock "0:00:04"]
[BlackClock "0:00:08"]

1. Nf3 Nf6 2. c4 g6 3. d4 Bg7 4. Nc3 O-O 5. e4 d6 6. Be2 e5 7. O-O Nc6 8. d5 Ne7 9. b4 a5 10. bxa5 c5 11. a4 Rxa5 12. Ra3 Kh8 13. Kh1 Ra6 14. Bg5 Nfg8 15. Nd2 f5 16. Nb5 h6 17. Rh3 Kh7 18. g4 f4 19. Rg1 Bf6 20. Nf3 Kg7 21. Bxf6+ Nxf6 22. Nd2 h5 23. Rh4 g5 24. Rxh5 Nxh5 25. gxh5 Kh6 26. Bg4 Ng8 27. h4 gxh4 28. Bxc8 Qxc8 29. Rg6+ Kh7 30. Qe2 Qh3+ 31. Kg1 Nh6 32. Nf3 Nf7 33. Nc7 Rxa4 34. Ne6 Ra1+ 35. Ne1 Rg8 36. Qf1 Qxf1+ 37. Kxf1 Rxg6 38. Nf8+ Kh6 39. Nxg6 Kxh5 0-1


[Site "https://www.chess.com"]

[Event "Titled Tuesday Blitz February 28 Early 2023"]
[White "Duda, Jan-Krzysztof"]
[Black "Perez Ponsa, Federico"]
[WhiteFideId "1170546"]
[BlackFideId "117927"]
[WhiteElo "2790"]
[BlackElo "2592"]
[Result "1-0"]
[Round "07"]
[TimeControl "180+2"]
[Date "2023.02.28"]
[WhiteClock "0:00:14"]
[BlackClock "0:01:21"]

1. c4 Nf6 2. d4 g6 3. Nc3 Bg7 4. e4 d6 5. h3 O-O 6. Be3 e5 7. d5 Na6 8. g4 Nc5 9. Bd3 h5 10. g5 Nh7 11. Nf3 a5 12. Be2 Bd7 13. b3 Re8 14. Rb1 Qc8 15. Bf1 Nf8 16. Nd2 Qd8 17. a3 f5 18. gxf6 Qxf6 19. Rg1 Kh7 20. Nf3 Bh6 21. Ng5+ Kg7 22. h4 Nh7 23. Rg3 a4 24. b4 Nb3 25. Rf3 Bxg5 26. Bxg5 Qxf3 27. Qxf3 Nd4 28. Qd3 Rf8 29. Be3 Nf3+ 30. Kd1 Nxh4 31. c5 Bg4+ 32. Kc2 Nf3 33. c6 bxc6 34. dxc6 Nf6 35. b5 h4 36. b6 cxb6 37. Rxb6 h3 38. Rb7+ Kh8 39. Qxd6 h2 40. Qe7 Bd7 41. cxd7 Rad8 42. Bh6 Nh5 43. Bxf8 h1=Q 44. Qxd8 Qxf1 45. Bc5+ Kh7 46. Qe7+ Ng7 47. Qxg7+ Kxg7 48. d8=Q+ Kh6 49. Be3+ Kh5 50. Rh7+ Kg4 51. Rh4+ Nxh4 52. Qg5+ Kf3 53. Qg3# 1-0


[Site "https://www.chess.com"]

[Event "Titled Tuesday Blitz February 28 Early 2023"]
[White "Bluebaum, Matthias"]
[Black "Livaic, Leon"]
[WhiteFideId "24651516"]
[BlackFideId "14531534"]
[WhiteElo "2638"]
[BlackElo "2509"]
[Result "0-1"]
[Round "07"]
[TimeControl "180+2"]
[Date "2023.02.28"]
[WhiteClock "0:00:06"]
[BlackClock "0:00:13"]

1. d4 f5 2. Bg5 d5 3. e3 c6 4. c4 Nf6 5. Bxf6 exf6 6. Nc3 Be6 7. cxd5 cxd5 8. Nh3 Bd6 9. Qb3 Qd7 10. Bb5 Nc6 11. Nf4 Bxf4 12. exf4 O-O 13. O-O Qd6 14. Bxc6 bxc6 15. g3 Rab8 16. Qa3 Qxa3 17. bxa3 c5 18. Rfe1 cxd4 19. Ne2 d3 20. Nd4 Bc8 21. Rad1 Ba6 22. Nc6 Rbe8 23. Rxe8 Rxe8 24. Nb4 Bc4 25. Nxd3 a5 26. Rd2 Rb8 27. f3 Rb1+ 28. Kf2 Ra1 29. Ke3 Bxa2 30. Kd4 Bc4 31. Nb2 Rxa3 32. Nxc4 dxc4 33. Kxc4 Rxf3 34. Ra2 h5 35. Rxa5 Rf2 36. h4 Rf3 37. Rxf5 Rxg3 38. Rxh5 Rg4 39. Rf5 Kf7 40. Kd3 g6 41. Ra5 Rxf4 42. h5 g5 43. Ra7+ Ke6 44. h6 Rh4 45. h7 Kf5 46. Rg7 Kf4 47. Ke2 f5 48. Kf2 g4 49. Kg2 Rh6 50. Re7 Kg5 51. Rf7 Kg6 52. Ra7 Rxh7 53. Ra3 Kg5 54. Rb3 Rc7 55. Rb2 Rc3 56. Ra2 f4 57. Rc2 Rxc2+ 58. Kg1 g3 59. Kf1 Kg4 60. Kg1 f3 61. Kf1 Rc1# 0-1


[Site "https://www.chess.com"]

[Event "Titled Tuesday Blitz February 28 Early 2023"]
[White "Sadhwani, Raunak"]
[Black "Madaminov, Mukhiddin"]
[WhiteFideId "35093487"]
[BlackFideId "14210703"]
[WhiteElo "2631"]
[BlackElo "2511"]
[Result "1/2-1/2"]
[Round "07"]
[TimeControl "180+2"]
[Date "2023.02.28"]
[WhiteClock "0:00:09"]
[BlackClock "0:00:09"]

1. d4 Nf6 2. Nf3 g6 3. Nc3 d5 4. Bf4 Bg7 5. Nb5 Na6 6. e3 O-O 7. Be2 Ne4 8. O-O c6 9. Na3 Nc7 10. c3 Bf5 11. Nc2 Ne6 12. Nce1 Nxf4 13. exf4 Qb6 14. Nd3 a5 15. a4 Nd6 16. Nfe5 Nc4 17. b3 Nxe5 18. fxe5 Bxd3 19. Bxd3 c5 20. Bb5 cxd4 21. Qxd4 Qc7 22. f4 e6 23. Rf3 Rac8 24. Re1 Rfd8 25. Kh1 Bf8 26. g4 Qc5 27. f5 Qxd4 28. cxd4 Be7 29. Ref1 Bg5 30. fxe6 fxe6 31. Rf7 Rf8 32. Rxb7 Rxf1+ 33. Bxf1 Rc1 34. Kg2 Rd1 35. Bb5 Rxd4 36. Bd7 Rxg4+ 37. Kh3 Rh4+ 38. Kg3 Re4 39. Bxe6+ Kh8 40. Bxd5 Rxe5 41. Bc4 Bd2 42. Rb5 Bc3 43. Kf4 Re7 44. h4 Kg7 45. h5 Bd2+ 46. Kf3 Kh6 47. hxg6 hxg6 48. Rd5 Bb4 49. Bd3 Re6 50. Kg4 Kg7 51. Rd7+ Kf6 52. Ra7 Rd6 53. Ra6 Rxa6 54. Bxa6 g5 55. Bc4 1/2-1/2


[Site "https://www.chess.com"]

[Event "Titled Tuesday Blitz February 28 Early 2023"]
[White "Tabatabaei, M. Amin"]
[Black "Ohanyan, Emin"]
[WhiteFideId "12521213"]
[BlackFideId "13312022"]
[WhiteElo "2565"]
[BlackElo "2403"]
[Result "1-0"]
[Round "07"]
[TimeControl "180+2"]
[Date "2023.02.28"]
[WhiteClock "0:00:18"]
[BlackClock "0:00:02"]

1. c4 c6 2. b3 d5 3. Nf3 d4 4. Bb2 c5 5. b4 Nc6 6. b5 Nb8 7. d3 Nd7 8. g3 e5 9. Bg2 Ngf6 10. O-O Bd6 11. e4 O-O 12. a4 Ne8 13. Nbd2 a5 14. Kh1 Bc7 15. Ng1 b6 16. f4 exf4 17. gxf4 Bb7 18. Ne2 f5 19. e5 Qc8 20. Bd5+ Kh8 21. Ng3 Bd8 22. Qf3 Ra7 23. Rae1 Be7 24. e6 Ndf6 25. Bxb7 Qxb7 26. Qxb7 Rxb7 27. Nxf5 Nh5 28. Re5 g6 29. Nxe7 Rxe7 30. f5 Rxf5 31. Rfxf5 gxf5 32. Rxf5 Rxe6 33. Nf3 Nhf6 34. Bc1 Nd6 35. Re5 Rxe5 36. Nxe5 Kg7 37. Bg5 Nfe8 38. Nd7 Nc8 39. Bd8 Ned6 40. Nxb6 Nxb6 41. Bxb6 Nxc4 42. dxc4 d3 43. Bxa5 1-0


[Site "https://www.chess.com"]

[Event "Titled Tuesday Blitz February 28 Early 2023"]
[White "Drygalov, Andrey"]
[Black "Svane, Rasmus"]
[WhiteFideId "24171735"]
[BlackFideId "4657101"]
[WhiteElo "2471"]
[BlackElo "2597"]
[Result "1-0"]
[Round "07"]
[TimeControl "180+2"]
[Date "2023.02.28"]
[WhiteClock "0:00:11"]
[BlackClock "0:00:02"]

1. e4 c6 2. d4 d5 3. e5 Bf5 4. Nf3 e6 5. Be2 Ne7 6. O-O Ng6 7. c3 Nd7 8. a3 f6 9. exf6 Qxf6 10. Bg5 Qf7 11. Be3 Bd6 12. Nbd2 O-O 13. g3 Nf6 14. Ng5 Qc7 15. Bh5 Rae8 16. f4 h6 17. Bxg6 Bxg6 18. Ngf3 c5 19. dxc5 Bxc5 20. Bxc5 Qxc5+ 21. Nd4 e5 22. fxe5 Rxe5 23. Nf3 Re4 24. Qb3 Rf7 25. Nh4 Bh5 26. Nf5 Bg4 27. Qb4 Rc7 28. Qxc5 Rxc5 29. Nxh6+ Kh7 30. Nxg4 Rxg4 31. Rae1 Rc7 32. Re5 a6 33. Kg2 Re4 34. Re1 b5 35. R1xe4 Nxe4 36. Rxd5 Nd2 37. Ne6 Re7 38. Rxd2 Rxe6 39. Kf3 Kh6 40. Rc2 Kg5 41. b3 Kf5 42. c4 bxc4 43. bxc4 Rc6 44. c5 Ke5 45. Kg4 Kd4 46. Kg5 Kd3 47. Rc1 Kd2 48. Rc4 Kd3 49. Ra4 Kc3 50. Ra5 Kc4 51. h4 Kd5 52. g4 g6 53. h5 gxh5 54. gxh5 Ke6 55. Kg6 Ke5+ 56. Kg7 Rc7+ 57. Kg6 Rc6+ 58. Kg5 Ke6 59. h6 Kf7 60. h7 Kg7 61. Kf5 Kxh7 62. Ke5 Kg7 63. Kd5 Rh6 64. Ra4 Kf7 65. Re4 Rh3 66. a4 Rd3+ 67. Kc6 Rb3 68. Kc7 a5 69. c6 Rb4 70. Re5 Rxa4 71. Kc8 Rc4 72. c7 a4 73. Kd7 Kf6 74. Rd5 a3 75. c8=Q Rxc8 76. Kxc8 a2 77. Ra5 a1=Q 78. Rxa1 1-0


[Site "https://www.chess.com"]

[Event "Titled Tuesday Blitz February 28 Early 2023"]
[White "Matlakov, Maxim"]
[Black "Kilic, Eray"]
[WhiteFideId "4168003"]
[BlackFideId "44517173"]
[WhiteElo "2666"]
[BlackElo "2328"]
[Result "1-0"]
[Round "07"]
[TimeControl "180+2"]
[Date "2023.02.28"]
[WhiteClock "0:01:00"]
[BlackClock "0:00:09"]

1. e4 c5 2. Nf3 d6 3. Bb5+ Nd7 4. O-O a6 5. Be2 Ngf6 6. Nc3 e5 7. a4 b6 8. Bc4 h6 9. d3 Bb7 10. Nh4 Be7 11. Nf5 O-O 12. f4 Kh8 13. Qf3 Nh7 14. Qg3 g5 15. h4 exf4 16. Bxf4 Ne5 17. Bxe5+ dxe5 18. Nxh6 gxh4 19. Qxe5+ Bf6 20. Qh5 Kg7 21. Nxf7 Qd4+ 22. Kh1 Qxc4 23. dxc4 Rxf7 24. e5 Rg8 25. exf6+ Nxf6 26. Qe5 Kh8 27. Rxf6 Rxg2 28. Rxf7+ Kg8 29. Qe8# 1-0


[Site "https://www.chess.com"]

[Event "Titled Tuesday Blitz February 28 Early 2023"]
[White "Darini, Pouria"]
[Black "Mitrabha, Guha"]
[WhiteFideId "12502200"]
[BlackFideId "5057000"]
[WhiteElo "2482"]
[BlackElo "2520"]
[Result "1-0"]
[Round "07"]
[TimeControl "180+2"]
[Date "2023.02.28"]
[WhiteClock "0:00:02"]
[BlackClock "0:00:17"]

1. e4 c6 2. Nf3 d5 3. d3 Qc7 4. Nc3 dxe4 5. Nxe4 Nf6 6. Qe2 Bg4 7. h3 Bh5 8. Nxf6+ gxf6 9. g3 Nd7 10. Bg2 e6 11. Bf4 Bd6 12. Bxd6 Qxd6 13. O-O-O O-O-O 14. Qe3 Kb8 15. Rhe1 Rhg8 16. Kb1 f5 17. Qh6 Bg6 18. h4 f4 19. g4 f6 20. h5 Bf7 21. Qxh7 Qf8 22. Qe4 e5 23. Bh3 Be6 24. d4 Bd5 25. Qe2 Qf7 26. dxe5 Rge8 27. e6 Rxe6 28. Qd2 Ne5 29. Qxf4 Qc7 30. Nxe5 fxe5 31. Qe3 Red6 32. Kc1 Qa5 33. a3 Qa4 34. Qxe5 Ka8 35. Qc3 Qf4+ 36. Qe3 Qc4 37. Bf1 Qa2 38. Rd3 Qa1+ 39. Kd2 Qxb2 40. Qd4 Qa2 41. Ra1 c5 42. Rxa2 cxd4 43. Rb2 Bc4 44. Rb4 Bxd3 45. Bxd3 Rf8 46. Bf5 b6 47. Kd3 Kb7 48. Rxd4 Kc6 49. Rxd6+ Kxd6 50. f4 Re8 51. h6 Re1 52. h7 Rh1 53. g5 Ke7 54. Be4 Rh3+ 55. Kd4 Kf7 56. Ke5 Rh5 57. c4 Kg7 58. a4 Kf7 59. Kf5 Kg7 60. Kg4 Rh1 61. Bxh1 1-0


[Site "https://www.chess.com"]

[Event "Titled Tuesday Blitz February 28 Early 2023"]
[White "Sasikiran, Krishnan"]
[Black "Fedoseev, Vladimir"]
[WhiteFideId "5004985"]
[BlackFideId "24130737"]
[WhiteElo "2567"]
[BlackElo "2752"]
[Result "0-1"]
[Round "07"]
[TimeControl "180+2"]
[Date "2023.02.28"]
[WhiteClock "0:01:18"]
[BlackClock "0:01:32"]

1. d4 Nf6 2. c4 e6 3. Nc3 Bb4 4. f3 d5 5. a3 Bxc3+ 6. bxc3 c6 7. a4 O-O 8. Nh3 Re8 9. Nf2 e5 10. e3 b6 11. Be2 Ba6 12. O-O Nbd7 13. cxd5 Bxe2 14. Qxe2 cxd5 15. a5 Rc8 16. Bd2 bxa5 17. Qa6 Rc7 18. Rxa5 Nb6 19. dxe5 Rxe5 20. e4 Re6 21. e5 Nc4 22. exf6 Rxa6 23. Rxa6 Nxd2 0-1


[Site "https://www.chess.com"]

[Event "Titled Tuesday Blitz February 28 Early 2023"]
[White "Deac, Bogdan-Daniel"]
[Black "Acor, Corey"]
[WhiteFideId "1226380"]
[BlackFideId "2024861"]
[WhiteElo "2649"]
[BlackElo "2341"]
[Result "1-0"]
[Round "07"]
[TimeControl "180+2"]
[Date "2023.02.28"]
[WhiteClock "0:00:03"]
[BlackClock "0:00:18"]

1. b3 e5 2. Bb2 Nc6 3. Nf3 e4 4. Nd4 Nxd4 5. Bxd4 c5 6. Bb2 d5 7. e3 Nf6 8. Bb5+ Bd7 9. Bxf6 Qxf6 10. Bxd7+ Kxd7 11. Nc3 Qe5 12. Qe2 a6 13. O-O-O Kc7 14. f4 Qe6 15. d3 f5 16. dxe4 dxe4 17. Rd5 Bd6 18. Rhd1 Rhd8 19. Qc4 Qf6 20. Rxc5+ Kb8 21. Rxd6 Qxd6 22. Rxf5 Qd2+ 23. Kb2 Qxe3 24. Rf7 Ka7 25. Nd5 Qf2 26. Rxb7+ Kxb7 27. Qc7# 1-0


[Site "https://www.chess.com"]

[Event "Titled Tuesday Blitz February 28 Early 2023"]
[White "Shimanov, Aleksandr"]
[Black "Movahed, Sina"]
[WhiteFideId "4198603"]
[BlackFideId "42520835"]
[WhiteElo "2631"]
[BlackElo "2225"]
[Result "1-0"]
[Round "07"]
[TimeControl "180+2"]
[Date "2023.02.28"]
[WhiteClock "0:00:03"]
[BlackClock "0:00:02"]

1. e4 c5 2. d4 cxd4 3. Qxd4 Nc6 4. Qd3 Nf6 5. Nc3 e6 6. Bf4 a6 7. O-O-O b5 8. e5 Ng4 9. Qg3 h5 10. Nf3 Bb7 11. Kb1 Rc8 12. h3 Nh6 13. Bd3 Nb4 14. Ng5 Qa5 15. a3 Rxc3 16. axb4 Bxb4 17. Bd2 Rc7 18. Nxe6 dxe6 19. Qxg7 Rg8 20. Bxb4 Qxb4 21. Qxh6 Rxg2 22. Rhg1 Rxg1 23. Rxg1 Kd7 24. Qf6 Kc6 25. Qf3+ Kb6 26. Qxh5 Qd4 27. Qe2 Bd5 28. Qe3 Qxe3 29. fxe3 Kc5 30. h4 Rc8 31. h5 Rh8 32. Be2 Be4 33. Rd1 b4 34. Rd4 Bd5 35. Rf4 a5 36. b3 Rh7 37. Kc1 Bc6 38. Kd2 Be8 39. Rh4 Kd5 40. h6 Kxe5 41. Rh5+ f5 42. Rh4 Kf6 43. Rd4 Rxh6 44. Rd8 Bc6 45. Rc8 Bd5 46. Rc5 Rh2 47. Kd1 Rh1+ 48. Kd2 Ra1 49. Bd3 Ke5 50. Rb5 f4 51. exf4+ Kxf4 52. Rc5 Ke5 53. Rb5 Kd4 54. Rb8 e5 55. Rd8 e4 56. Bc4 e3+ 57. Ke2 Kc3 58. Bxd5 Kxc2 59. Kxe3 Kc3 60. Rc8+ Kb2 61. Kd2 Rg1 62. Rc2+ Ka3 63. Rc5 a4 64. bxa4 Kxa4 65. Rc8 Rg5 66. Bc4 Ka3 67. Ra8+ Kb2 68. Ra2+ Kb1 69. Ra4 Rg2+ 70. Kd3 Rb2 71. Kd4 Kc2 72. Bd3+ Kb3 73. Ra8 Ra2 74. Bc4+ 1-0


[Site "https://www.chess.com"]

[Event "Titled Tuesday Blitz February 28 Early 2023"]
[White "Bortnyk, Olexandr"]
[Black "Amin, Bassem"]
[WhiteFideId "14120828"]
[BlackFideId "10601457"]
[WhiteElo "2734"]
[BlackElo "2690"]
[Result "1-0"]
[Round "07"]
[TimeControl "180+2"]
[Date "2023.02.28"]
[WhiteClock "0:00:06"]
[BlackClock "0:00:03"]

1. d4 Nf6 2. Nc3 d5 3. Bf4 c5 4. e4 Nxe4 5. Nxe4 dxe4 6. dxc5 Qa5+ 7. c3 Qxc5 8. Qa4+ Nc6 9. Qxe4 Bf5 10. Qa4 e5 11. Be3 Qa5 12. Qxa5 Nxa5 13. Bb5+ Bd7 14. Bxd7+ Kxd7 15. O-O-O+ Kc7 16. Nf3 f6 17. Nd2 Be7 18. f4 Rad8 19. fxe5 fxe5 20. Rhe1 Nc6 21. Kc2 b5 22. Re2 Rhf8 23. Rde1 Bh4 24. g3 Be7 25. Ne4 h6 26. Nc5 Bxc5 27. Bxc5 Rf3 28. Re4 Rd5 29. Be3 h5 30. Re2 a6 31. Bg5 g6 32. g4 hxg4 33. Rxg4 Kd7 34. Be3 Ne7 35. a4 Ke6 36. Bb6 Kf5 37. Rh4 g5 38. Rh8 bxa4 39. Rf8+ Kg4 40. h3+ Rxh3 41. Re4+ Kg3 42. Bf2+ Kh2 43. Re2 Ng6 44. Bh4+ Kg1 45. Re1+ Kg2 46. Rf2# 1-0


[Site "https://www.chess.com"]

[Event "Titled Tuesday Blitz February 28 Early 2023"]
[White "Sattarov, Bobir"]
[Black "Makarian, Rudik"]
[WhiteFideId "14203081"]
[BlackFideId "44105681"]
[WhiteElo "2351"]
[BlackElo "2419"]
[Result "0-1"]
[Round "07"]
[TimeControl "180+2"]
[Date "2023.02.28"]
[WhiteClock "0:00:03"]
[BlackClock "0:00:04"]

1. e4 c5 2. Nf3 Nc6 3. d4 cxd4 4. Nxd4 e6 5. Bf4 d6 6. Nxc6 bxc6 7. c4 e5 8. Be3 f5 9. exf5 Nf6 10. Nc3 Bxf5 11. Bd3 Be6 12. O-O Be7 13. h3 O-O 14. f4 exf4 15. Bxf4 Qd7 16. Qc2 Bd8 17. Rad1 Bb6+ 18. Kh1 d5 19. cxd5 cxd5 20. Be5 Bc7 21. Bxc7 Qxc7 22. Qa4 Nh5 23. Ne2 Qe5 24. Rxf8+ Rxf8 25. Qd4 Ng3+ 26. Nxg3 Qxg3 27. Rf1 Rc8 28. Bf5 Qd6 29. Bxe6+ Qxe6 30. Qxa7 h6 31. Qb7 Rc2 32. Rd1 d4 33. Qb8+ Kh7 34. Rxd4 Rc1+ 35. Kh2 Qe3 36. Qf4 Qg1+ 37. Kg3 Qe1+ 38. Kh2 Qg1+ 39. Kg3 Qe1+ 40. Qf2 Qxf2+ 41. Kxf2 Rc2+ 42. Kf3 Rxb2 43. Ra4 Kg6 44. Ra6+ Kf5 45. h4 h5 46. Ra5+ Kg6 47. g3 Kf6 48. a3 g6 49. Ra6+ Kf5 50. Ra5+ Kf6 51. Ra8 Rb3+ 52. Kf4 Rc3 53. Ra6+ Kg7 54. a4 Ra3 55. Ra7+ Kf6 56. Ra6+ Kf7 57. a5 Ra4+ 58. Ke5 Ra3 59. Ra7+ Kg8 60. a6 Ra5+ 61. Kf6 Ra3 62. Ra8+ Kh7 63. Ra7+ Kg8 64. Kxg6 Rxg3+ 65. Kxh5 Ra3 66. Kg6 Rg3+ 67. Kf5 Ra3 68. h5 Kh8 69. h6 Ra1 70. Ke5 Re1+ 71. Kd5 Rd1+ 72. Kc4 Rc1+ 73. Kb3 Rc6 0-1


[Site "https://www.chess.com"]

[Event "Titled Tuesday Blitz February 28 Early 2023"]
[White "Babazada, Khazar"]
[Black "Talibov, Shiroghlan"]
[WhiteFideId "13413554"]
[BlackFideId "13429078"]
[WhiteElo "2359"]
[BlackElo "2218"]
[Result "1-0"]
[Round "07"]
[TimeControl "180+2"]
[Date "2023.02.28"]
[WhiteClock "0:00:18"]
[BlackClock "0:00:04"]

1. Nf3 b6 2. g3 Bb7 3. Bg2 g6 4. O-O Bg7 5. d3 Nf6 6. Nc3 c5 7. e4 d6 8. h3 Nc6 9. Be3 O-O 10. Qd2 d5 11. exd5 Nxd5 12. Bh6 Nxc3 13. Bxg7 Kxg7 14. Qxc3+ Nd4 15. Rfe1 Bxf3 16. Bxf3 Rc8 17. Bg2 e6 18. Qd2 Qf6 19. c3 Nf5 20. Re4 h5 21. Rae1 Rfd8 22. Rf4 e5 23. Rfe4 c4 24. Rxe5 cxd3 25. R5e4 Nd6 26. Rf4 Nc4 27. Qd1 Nxb2 28. Qb3 d2 29. Rf1 d1=Q 30. Rxd1 Rxd1+ 31. Kh2 Qe7 32. Qxb2 Rcd8 33. c4+ f6 34. Re4 Qf7 35. Qa3 R8d7 36. h4 R1d4 37. Re3 Rxc4 38. Qb2 Rcd4 39. Re2 R4d6 40. Bh3 Re7 41. Rc2 Qd5 42. Bf1 Qe5 43. Qb3 Qe6 44. Bc4 Qf5 45. Bf1 Red7 46. Bh3 Qd5 47. Qe3 Rf7 48. Qe8 Qe5 49. Qa8 Qe7 50. Rc8 Kh6 51. Re8 Rh7 52. Rxe7 Rxe7 53. Qf8+ 1-0


[Site "https://www.chess.com"]

[Event "Titled Tuesday Blitz February 28 Early 2023"]
[White "Mikhailovsky, Vladimir"]
[Black "Kovalenko, Igor"]
[WhiteFideId "34105414"]
[BlackFideId "14117908"]
[WhiteElo "2282"]
[BlackElo "2574"]
[Result "1-0"]
[Round "07"]
[TimeControl "180+2"]
[Date "2023.02.28"]
[WhiteClock "0:00:43"]
[BlackClock "0:01:16"]

1. e4 e6 2. Qe2 c5 3. Nf3 Nc6 4. g3 g6 5. Bg2 Bg7 6. O-O Nge7 7. c3 Qc7 8. d4 cxd4 9. cxd4 Nxd4 10. Nxd4 Bxd4 11. Bh6 Nc6 12. Nc3 a6 13. Rac1 d6 14. Nd5 Qd8 15. Qd2 Rg8 16. Bg5 f6 17. Rxc6 bxc6 18. Qxd4 exd5 19. Bxf6 Qc7 20. exd5 c5 21. Re1+ Kf8 22. Qf4 Bf5 23. Qh6+ Rg7 24. Re7 Qxe7 25. Bxe7+ Kg8 26. Bxd6 Re8 27. f4 Re1+ 28. Kf2 Rc1 29. Qg5 Rc2+ 30. Ke3 h5 31. Be4 Bxe4 32. Kxe4 Kh7 33. Be5 Rf7 34. Qd8 Re2+ 35. Kd3 1-0


[Site "https://www.chess.com"]